 Dungeon Crawl Stone Soup version 0.19.4-8-ga85b6b9 (webtiles) character file.

2388 StylePr0 the Covert (level 9, -8/45 HPs)
             Began as a Spriggan Enchanter on Feb 14, 2017.
             Was a Follower of Ashenzari.
             Mangled by Naow's ghost (13 damage)
             ... on level 7 of the Dungeon.
             The game lasted 00:31:28 (8403 turns).

StylePr0 the Covert (Spriggan Enchanter)            Turns: 8403, Time: 00:31:29

Health: -8/45      AC:  4    Str:  4    XL:     9   Next: 22%
Magic:  12/20      EV: 22    Int: 19    God:    Ashenzari [*.....]
Gold:   266        SH:  5    Dex: 17    Spells: 3 memorised, 15 levels left

rFire  . . .     SeeInvis +     e - +0 short sword (venom) (curse)
rCold  . . .     Gourm    .     b - +2 robe (curse)
rNeg   . . .     Faith    .     k - +0 buckler (curse)
rPois  .         Spirit   .     (helmet restricted)
rElec  .         Reflect  .     (no cloak)
rCorr  .         Harm     .     (gloves unavailable)
MR     +....                    (boots unavailable)
Stlth  ++........               u - amulet of magic regeneration (curse)
                                (no ring)
                                (no ring)

@: liquid flames, very slightly contaminated, glowing, very quick
A: unfitting armour, see invisible, herbivore 3, speed 3, slow metabolism 2
a: Curse Item, Scrying, Renounce Religion


You were on level 7 of the Dungeon.
You worshipped Ashenzari.
Ashenzari was aware of your devotion.
You were full.

You visited 1 branch of the dungeon, and saw 7 of its levels.

You collected 266 gold pieces.

Inventory:

Hand Weapons
 e - a cursed +0 short sword of venom (weapon)
 x - a +0 dagger of draining
Armour
 b - a cursed +2 robe (worn)
 k - a cursed +0 buckler (worn)
Jewellery
 u - a cursed amulet of magic regeneration (around neck)
Wands
 f - a wand of acid (5/15)
 h - a wand of flame (31/48)
 r - a wand of teleportation (5/9)
 y - a wand of lightning (9/15)
Scrolls
 i - 3 scrolls of identify
 s - a scroll of recharging
 v - a scroll of enchant armour
 w - 2 scrolls of remove curse
Potions
 g - a potion of invisibility {unknown}
 j - 4 potions of flight {unknown}
 m - a potion of cancellation {unknown}
 n - a potion of heal wounds {unknown}
 o - a potion of mutation {unknown}
 p - 2 potions of curing
 q - a potion of magic {unknown}
 t - 2 potions of brilliance {unknown}
 z - a potion of lignification {unknown}
Books
 a - a book of Necromancy

   Spells                             Type                      Level
   a - Pain                           Necromancy                   1
   b - Animate Skeleton               Necromancy                   1
   c - Vampiric Draining              Necromancy                   3
   d - Regeneration                   Charms/Necromancy            3
   e - Animate Dead                   Necromancy                   4
   f - Control Undead                 Necromancy                   4
 c - a book of Maledictions

   Spells                             Type                      Level
   a - Corona                         Hexes                        1
   b - Ensorcelled Hibernation        Hexes/Ice                    2
   c - Confuse                        Hexes                        3
   d - Tukima's Dance                 Hexes                        3
   e - Dazzling Spray                 Conjuration/Hexes            3
Comestibles
 d - a bread ration
 l - a royal jelly


   Skills:
 + Level 3.9 Fighting
 - Level 1.1 Short Blades
 + Level 7.8 Dodging
 * Level 11.8 Stealth
 + Level 6.9 Spellcasting
 + Level 6.6 Hexes


You had 15 spell levels left.
You knew the following spells:

 Your Spells              Type           Power        Failure   Level  Hunger
a - Corona                Hex            ####...      1%          1    None
b - Ensorcelled Hibernat  Hex/Ice        ###...       8%          2    None
c - Confuse               Hex            ####....     4%          3    #......


Dungeon Overview and Level Annotations

Branches:
Dungeon (7/15)
 Temple: D:4-7

Altars:
Ashenzari
Qazlal
Ru

Annotations:
D:4 luab's ghost, amateur HESk
D:7 Naow's ghost, novice DEFE


Innate Abilities, Weirdness & Mutations

You are very small and have problems with some larger weapons.
You are too small for most types of armour.
You have supernaturally acute eyesight. (SInv)
You are a herbivore.
You cover ground extremely quickly.
You need consume almost no food.


Message History

Aiming: Confuse
Press: ? - help, Shift-Dir - straight line, f/p - Naow's ghost
Aim: Naow's ghost, wielding a weapon of electrocution (chance to defeat MR: 26%)
You miscast Confuse.
You are very lightly contaminated with residual magic.
You hear an indistinct dissonance whispering inside your mind.
You are covered in liquid flames!
Naow's ghost closely misses you.
Casting: Confuse
Confirm with . or Enter, or press ? or * to list all spells.
Aiming: Confuse
Press: ? - help, Shift-Dir - straight line, f/p - Naow's ghost
Aim: Naow's ghost, wielding a weapon of electrocution (chance to defeat MR: 26%) Naow's ghost easily resists.
You are covered in liquid flames!
* * * LOW HITPOINT WARNING * * *
Naow's ghost hits you.
* * * LOW HITPOINT WARNING * * *
You are electrocuted!
You die...

## #. #. #.#####+#
#.<...รท.## #
##......W#.###..
#.......!.@.......
#..>...............
#..............?...
#..................
##+####............
#..........##
############


You could see Naow's ghost.

Vanquished Creatures
  A troll (D:4)
  A yak (D:4)
  Duvessa (D:6)
  2 sky beasts
  An ice beast (D:6)
  An ogre (D:4)
  2 centaurs
  2 bullfrogs
  Dowan (D:6)
  A scorpion (D:6)
  3 crimson imps (D:6)
  2 hounds
  2 jellies (D:6)
  A centaur skeleton (D:4)
  4 orc priests
  2 bullfrog skeletons
  6 orc wizards
  3 gnoll shamans
  An iguana (D:5)
  Natasha (twice) (D:4)
  2 worker ants
  A hound skeleton (D:6)
  Robin (D:4)
  9 gnolls
  A howler monkey zombie (D:6)
  8 adders
  A shadow imp (D:6)
  An ooze (D:4)
  An adder skeleton (D:5)
  2 worms
  4 dart slugs
  6 leopard geckos
  14 orcs
  3 bats
  9 giant cockroaches
  16 goblins
  14 hobgoblins
  15 jackals
  A quokka (D:5)
  A ball python (D:1)
  3 frilled lizards
  12 kobolds
  3 leopard gecko skeletons (D:4)
  2 leopard gecko zombies
  2 rats
171 creatures vanquished.

Notes
Turn   | Place    | Note
-------+----------+-------------------------------------------
     0 | D:1      | StylePr0 the Spriggan Enchanter began the quest for the Orb.
     0 | D:1      | Reached XP level 1. HP: 9/9 MP: 5/5
   224 | D:1      | Reached XP level 2. HP: 8/14 MP: 6/6
   232 | D:1      | Learned a level 2 spell: Ensorcelled Hibernation
   633 | D:1      | Reached skill level 5 in Stealth
  1292 | D:1      | Reached skill level 1 in Fighting
  1322 | D:1      | Reached XP level 3. HP: 6/18 MP: 8/8
  1861 | D:2      | Learned a level 3 spell: Confuse
  2053 | D:2      | Reached XP level 4. HP: 21/22 MP: 10/10
  2720 | D:3      | Noticed a centaur
  2732 | D:3      | Killed a centaur
  2732 | D:3      | Reached skill level 6 in Stealth
  2732 | D:3      | Reached XP level 5. HP: 12/26 MP: 10/12
  3195 | D:4      | Noticed luab's ghost (amateur HESk)
  3200 | D:4      | Noticed an ogre
  3327 | D:4      | Reached XP level 6. HP: 25/30 MP: 5/13
  3441 | D:4      | Reached skill level 5 in Dodging
  3611 | D:4      | Noticed Natasha
  3639 | D:4      | Killed Natasha
  3639 | D:4      | Reached skill level 7 in Stealth
  3839 | D:4      | Found a large runed door.
  3839 | D:4      | Found a large runed door.
  3854 | D:4      | Reached skill level 5 in Spellcasting
  3902 | D:4      | Reached XP level 7. HP: 23/35 MP: 8/15
  4158 | D:4      | Noticed a troll
  4159 | D:4      | Found a large runed door.
  4159 | D:4      | Found a large runed door.
  4270 | D:4      | Killed a troll
  4270 | D:4      | Reached skill level 8 in Stealth
  4270 | D:4      | Reached skill level 5 in Hexes
  4300 | D:4      | Noticed Natasha
  4421 | D:4      | Noticed a yak
  4572 | D:4      | Killed a yak
  4572 | D:4      | Reached skill level 9 in Stealth
  4572 | D:4      | Reached XP level 8. HP: 27/39 MP: 0/17
  4740 | D:4      | Noticed Robin
  4803 | D:4      | Killed Robin
  5396 | D:4      | Killed Natasha
  5410 | D:4      | Found a sacrificial altar of Ru.
  5410 | D:4      | Found a shattered altar of Ashenzari.
  5426 | D:4      | Became a worshipper of Ashenzari the Shackled
  5460 | D:5      | Entered Level 5 of the Dungeon
  5521 | D:5      | Reached skill level 10 in Stealth
  6830 | D:6      | Reached * piety under Ashenzari
  6906 | D:6      | Reached skill level 11 in Stealth
  7084 | D:6      | Reached XP level 9. HP: 44/44 MP: 19/19
  7582 | D:6      | Noticed Duvessa
  7582 | D:6      | Noticed Dowan
  7584 | D:6      | Killed Dowan
  7631 | D:6      | Killed Duvessa
  7917 | D:6      | Found a stormy altar of Qazlal.
  8141 | D:7      | Noticed Naow's ghost (novice DEFE)
  8403 | D:7      | Mangled by Naow's ghost

Skill      XL: |  1  2  3  4  5  6  7  8 |
---------------+-------------------------+-----
Spellcasting   | 3 4 5 6 |  6.9
Stealth        | 5 6 7 9 11 | 11.8
Fighting       | 1 2 3 |  3.9
Dodging        | 4 5 6 7 |  7.8
Hexes          | 4 5 6 |  6.6
Short Blades   | |  1.1

Action                   |  1- 3 |  4- 6 |  7- 9 || total
-------------------------+-------+-------+-------++-------
Melee: Dagger            |   127 |       |       ||   127
       Short sword       |    31 |   161 |   375 ||   567
 Cast: Ensorcelled Hiber |    12 |    22 |    43 ||    77
       Confuse           |       |     2 |    12 ||    14
Invok: Curse Item        |       |       |     4 ||     4
  Use: Scroll            |     8 |     2 |     1 ||    11
       Potion            |       |     1 |       ||     1
 Stab: Sleeping          |    12 |    20 |    29 ||    61
       Distracted        |     1 |       |       ||     1
       Confused          |       |       |     3 ||     3
  Eat: Bread ration      |       |     1 |     1 ||     2
Armor: Robe              |    15 |    23 |    20 ||    58
Dodge: Dodged            |   137 |   130 |   279 ||   546
Block: Buckler           |       |    42 |    96 ||   138
